Map: Last Remnant

Players

Odin

  • Race: Zerg Zerg
  • League: Platinum
  • Spawn Location: 6:00

A.I. 1 (Harder) - Winner!

  • Race: Terran Terran
  • Spawn Location: 12:00

A.I. 4 (Harder) - Winner!

  • Race: Terran Terran

A.I. 5 (Harder) - Winner!

  • Race: Terran Terran

A.I. 6 (Harder) - Winner!

  • Race: Terran Terran
  • Spawn Location: 3:00

VOD

Have the link to the VOD?

Description

Time

  • Played on: Dec. 17, 2018, 12:43 p.m.
  • Length: 3:09
Show
View Real Time Build Order
Export as new Build Order

Odin Zerg 

Build Orders: Pool First 

Get SALT Encoding   

  12  0:07  Drone  
  12  0:13  Extractor  
  12  0:26  Spawning Pool  
  11  0:44  Drone x2  
  11  0:46  Drone  
  14  0:56  Overlord  
  14  1:13  Queen  
  14  1:16  Zergling x2  
  17  1:23  Metabolic Boost  
  17  1:40  Zergling x4  
  17  1:41  Zergling x2  
  20  1:54  Zergling x2  
  21  2:03  Zergling x2  
  22  2:19  Overlord  
  22  2:20  Hatchery  
  21  2:34  Zergling x2  
  22  2:37  Zergling x4  
  24  2:44  Zergling x2  
  24  2:48  Overlord  
Show
View Real Time Build Order
Export as new Build Order

A.I. 1 (Harder) Terran - Winner!

Build Orders:  

Get SALT Encoding   

  12  0:00  SCV  
  13  0:13  SCV  
  14  0:20  Supply Depot  
  14  0:25  SCV  
  15  0:42  SCV  
  16  0:44  Barracks  
  16  0:49  Refinery  
  16  0:54  SCV  
  17  1:06  SCV  
  18  1:18  SCV  
  19  1:22  Supply Depot  
  19  1:30  SCV  
  19  1:31  Marine  
  21  1:45  Barracks, Orbital Command  
  21  1:49  Marine  
  21  1:52  Refinery  
  22  2:08  Barracks Tech Lab  
  22  2:11  Supply Depot  
  22  2:26  Marine  
  23  2:31  Marine  
  24  2:44  Marine  
  24  2:49  Marine  
  24  2:50  Supply Depot  
Show
View Real Time Build Order
Export as new Build Order

A.I. 4 (Harder) Terran - Winner!

Build Orders:  

Get SALT Encoding   

Show
View Real Time Build Order
Export as new Build Order

A.I. 5 (Harder) Terran - Winner!

Build Orders:  

Get SALT Encoding   

Show
View Real Time Build Order
Export as new Build Order

A.I. 6 (Harder) Terran - Winner!

Build Orders:  

Get SALT Encoding   

  12  0:01  SCV  
  13  0:13  SCV  
  14  0:19  Supply Depot  
  14  0:25  SCV  
  15  0:41  SCV  
  16  0:46  Barracks  
  16  0:51  Refinery  
  16  0:53  SCV  
  17  1:05  SCV  
  18  1:17  SCV  
  19  1:23  Supply Depot  
  19  1:30  SCV  
  19  1:32  Marine  
  21  1:44  Barracks, Orbital Command  
  21  1:50  Marine  
  21  1:52  Refinery  
  22  2:11  Marine  
  22  2:12  Supply Depot  
  23  2:31  Marine, Barracks Tech Lab  
  24  2:45  Supply Depot  
  24  2:49  Marine x2  
Tags
 
Add a new tag
Caveats
  • Supply blocks, unpowered buildings, or Contaminate may cause inaccurate times.
  • Supply counts are checked every 10 seconds.